 Dungeon Crawl Stone Soup version 0.28-a0-1190-g77e1c55843 (webtiles) character file.

Game seed: 18306055126801520411

46 SensoryNuts the Covered (level 3, -2/29 HPs)
             Began as a Demonspawn Fighter on Dec 18, 2021.
             Slain by a gnoll (12 damage)
             ... on level 2 of the Dungeon.
             The game lasted 00:00:57 (1313 turns).

SensoryNuts the Covered (Demonspawn Fighter)        Turns: 1313, Time: 00:00:57

Health: -2/29      AC: 12    Str: 18    XL:     3   Next: 44%
Magic:  3/3        EV:  9    Int:  9    God:
Gold:   49         SH:  4    Dex: 12    Spells: 2/2 levels left

rFire   . . .      SeeInvis .   a - +0 long sword
rCold   . . .      Faith    .   c - +0 buckler
rNeg    . . .      Spirit   .   b - +0 scale mail
rPois   .          Reflect  .   (no helmet)
rElec   .          Harm     .   (no cloak)
rCorr   .          Rampage  .   (no gloves)
Will    .....                   (no boots)
Stlth   ..........              (no amulet)
HPRegen 0.09/turn               (no ring)
MPRegen 0.08/turn               (no ring)

@: mighty, sanguine armoured
A: sanguine armour 1, demonic touch 1
a: no special abilities


You were on level 2 of the Dungeon.
You visited 1 branch of the dungeon, and saw 2 of its levels.

You collected 49 gold pieces.

Inventory:

Hand Weapons
 a - a +0 long sword (weapon)
Armour
 b - a +0 scale mail (worn)
 c - a +0 buckler (worn)
Jewellery
 h - an amulet of faith
Scrolls
 e - a scroll of immolation {unknown}
 g - a scroll of acquirement {unknown}
Potions
 f - a potion of haste {unknown}


   Skills:
 + Level 3.2 Fighting
 + Level 2.4 Long Blades
 + Level 3.2 Armour
 + Level 0.2 Dodging
 + Level 3.0 Shields


You had 2 spell levels left.
You didn't know any spells.
Your spell library was empty.

Dungeon Overview and Level Annotations

Branches:
Dungeon (2/15)

Altars:


Innate Abilities, Weirdness & Mutations

When seriously injured, your blood forms armour. (AC +6)
Your touch may inflict minor irresistible damage on your foes.


Message History

The goblin shoots a stone.
The stone hits you but does no damage.
You slash the goblin!
You kill the goblin!
The gnoll hits you from afar with a +0 halberd!
Your blood congeals into armour.
The gnoll barely misses you.
You slash the gnoll!
The gnoll is almost dead.
The gnoll hits you but does no damage. x3
You closely miss the gnoll.
The gnoll is almost dead.
You block the gnoll's attack. The gnoll barely misses you.
The gnoll hits you with a +0 club.
You hit the gnoll.
You kill the gnoll!
The gnoll hits you from afar with a +0 halberd.
The gnoll hits you but does no damage. The gnoll closely misses you.
The gnoll hits you with a +0 club.
You are too injured to fight recklessly!
You are too injured to fight recklessly!
You are too injured to fight recklessly!
You are too injured to fight recklessly!
You are too injured to fight recklessly!
You are too injured to fight recklessly!
You are too injured to fight recklessly!
You are too injured to fight recklessly!
You are too injured to fight recklessly!
You are too injured to fight recklessly!
You are too injured to fight recklessly!
You are too injured to fight recklessly!
You are too injured to fight recklessly!
You are too injured to fight recklessly!
You are too injured to fight recklessly!
You are too injured to fight recklessly!
You are too injured to fight recklessly!
You are too injured to fight recklessly!
Unknown command.
You feel very mighty all of a sudden. The goblin barely misses you.
The gnoll hits you from afar with a +0 halberd!
You die...

...... ## .....
.###.
..#...######....
............# .
#.."......# ..
#..<......#..#
###...........#
.........!....#
####.....@)...#
#....ggg....#
#......g......
..###..........
##. ..........#
# #..........#
#..........#
###.......##


You could see 2 gnolls and 2 goblins.

Vanquished Creatures
  A gnoll (D:2)
  A dart slug (D:1)
  4 ball pythons (D:1)
  3 endoplasms (D:1)
  2 giant cockroaches (D:1)
  2 goblins
  4 hobgoblins (D:1)
  3 quokkas (D:1)
  3 bats (D:1)
  3 frilled lizards (D:1)
  A kobold (D:1)
  4 rats (D:1)
31 creatures vanquished.

Notes
Turn   | Place    | Note
-------+----------+-------------------------------------------
     0 | D:1      | SensoryNuts the Demonspawn Fighter began the quest for the
                  | Orb.
     0 | D:1      | Reached XP level 1. HP: 18/18 MP: 1/1
   219 | D:1      | Gained mutation: Your touch may inflict minor irresistible
                  | damage on your foes. [demonic ancestry]
   219 | D:1      | Reached XP level 2. HP: 24/24 MP: 2/2
   738 | D:1      | Found a faded altar of an unknown god.
   910 | D:1      | Gained mutation: When seriously injured, your blood forms
                  | armour. (AC +6) [demonic ancestry]
   910 | D:1      | Reached XP level 3. HP: 13/29 MP: 3/3
  1313 | D:2      | Slain by a gnoll

Illustrated notes

Levels and vault maps discovered:
D:1:      amcnicky_arrival_double_pillar, layout_basic, basic_ecumenical_altar,
          chequers_serial_rivers_room_a
D:2:      layout_rooms, kennysheep_minor_cross, minmay_small_reverse_x

Skill      XL: |  1  2  3 |
---------------+----------+-----
Armour         | 3 |  3.2
Long Blades    | 2 |  2.4
Shields        | 3 |  3.0
Fighting       | |  3.2
Dodging        | |  0.2

Action                   || total
-------------------------++-------
Melee: Long sword        ||   106
  Use: Potion            ||     1
Armor: Scale mail        ||    60
Dodge: Dodged            ||    75
Block: Buckler           ||    27

Table legend: (Time is in decaauts)
 A = Elapsed time spent in this place.
 B = Non-inter-level travel time spent in this place.
 C = Inter-level travel time spent in this place.
 D = Time resting spent in this place.
 E = Time spent auto-exploring this place.
 F = Levels seen in this place.
 G = Mean time per level.
                   A        B        C        D        E       F      G
               +--------+--------+--------+--------+--------+-----+--------+
         Total |   1347 |   1327 |     20 |      0 |   1089 |   2 |  673.5 |
       Dungeon |   1347 |   1327 |     20 |      0 |   1089 |   2 |  673.5 |
               +--------+--------+--------+--------+--------+-----+--------+

Top non-repeatable levels by time:
     D:1: 1338 daAuts
     D:2: 9 daAuts
